Map: Catalyst LE

Players

gosha

  • Race: Zerg Zerg
  • League: Platinum
  • Spawn Location: 5:00

axu - Winner!

  • Race: Protoss Protoss
  • League: Platinum
  • Spawn Location: 11:00

VOD

Have the link to the VOD?

Description

Time

  • Played on: Jan. 12, 2018, 1:39 p.m.
  • Length: 15:47
Show
View Real Time Build Order
Export as new Build Order

gosha Zerg 

Build Orders: Pool First 

Get SALT Encoding   

  12  0:02  Drone  
  13  0:12  Overlord  
  13  0:17  Drone  
  14  0:31  Drone  
  14  0:32  Drone  
  16  0:35  Drone  
  16  0:42  Extractor  
  16  0:50  Spawning Pool  
  16  0:51  Drone  
  16  0:57  Drone  
  17  1:07  Drone  
  18  1:31  Drone  
  19  1:32  Hatchery  
  19  1:36  Queen  
  20  1:43  Zergling x2  
  21  1:49  Overlord  
  21  1:55  Metabolic Boost  
  21  2:14  Zergling x4  
  21  2:15  Zergling x2  
  24  2:29  Drone  
  25  2:44  Overlord, Queen  
  25  2:46  Overlord  
  25  2:48  Drone  
  25  2:49  Drone  
  25  2:50  Drone  
  30  3:10  Drone x4  
  31  3:28  Lair  
  31  3:34  Hatchery  
  31  3:37  Drone x2  
  32  3:42  Drone x2, Extractor  
  32  3:44  Drone  
  34  3:59  Drone x2  
  34  4:00  Drone  
  34  4:01  Drone x2  
  39  4:04  Extractor  
  39  4:06  Drone  
  39  4:10  Overlord  
  39  4:14  Queen  
  41  4:18  Drone  
  41  4:19  Drone x2  
  44  4:28  Zergling x8  
  45  4:38  Hydralisk Den  
  43  5:07  Drone x5  
  43  5:08  Drone  
  43  5:10  Spore Crawler  
  43  5:13  Drone x6  
  54  5:16  Drone  
  55  5:31  Muscular Augments  
  55  5:32  Hydralisk x3  
  61  5:39  Spore Crawler  
  61  5:40  Queen  
  61  5:42  Drone  
  63  5:45  Overlord  
  63  5:55  Pneumatized Carapace  
  63  6:06  Hydralisk x3  
  63  6:07  Hydralisk x2  
  73  6:16  Drone x2, Spine Crawler  
  74  6:24  Overlord x3  
  74  6:25  Overlord  
  74  6:38  Infestation Pit  
  73  6:41  Hydralisk x4  
  81  6:51  Hydralisk  
  66  7:19  Hydralisk  
  66  7:20  Hydralisk x4  
  76  7:23  Drone x5  
  68  7:44  Hydralisk x3  
  68  7:45  Hydralisk  
  69  8:03  Hydralisk  
  69  8:04  Hydralisk x2  
  70  8:13  Drone x3  
  70  8:17  Hydralisk x2  
  71  8:39  Hydralisk x3  
  70  8:41  Zergling x6  
  70  8:42  Zergling x8  
  75  8:48  Queen  
  75  8:52  Spine Crawler  
  75  8:53  Drone x3, Queen  
  81  8:59  Queen  
  81  9:02  Zergling x4  
  78  9:43  Hydralisk  
  78  9:44  Hydralisk x5  
  68  10:05  Hydralisk  
  68  10:06  Hydralisk  
  66  10:14  Extractor  
  61  10:19  Drone x3  
  64  10:22  Extractor  
  63  10:28  Spine Crawler  
  63  10:30  Extractor  
  63  10:31  Drone x3  
  63  10:34  Drone  
  65  10:37  Drone x3  
  68  10:45  Hydralisk x4  
  76  10:53  Evolution Chamber  
  75  10:59  Evolution Chamber, Drone  
  75  11:04  Drone  
  75  11:07  Overlord  
  75  11:08  Drone x2  
  75  11:10  Drone x2  
  75  11:11  Drone x2  
  81  11:12  Drone  
  81  11:18  Zergling x4  
  85  11:23  Drone x3  
  88  11:28  Zergling x8  
  88  11:31  Queen  
  94  11:34  Zerg Missile Weapons Level 1  
  94  11:37  Zergling x6  
  97  11:42  Overseer  
  97  11:44  Drone  
  98  12:03  Hydralisk x8  
  114  12:13  Overseer  
  114  12:22  Overlord x4  
  114  12:29  Hive  
  114  12:41  Baneling Nest  
  113  12:44  Infestor x2  
  113  12:48  Zergling x6  
  113  12:49  Zergling x16  
  116  13:12  Zergling x2  
  115  13:13  Zergling x12  
  121  13:20  Zerg Ground Armor Level 1  
  121  13:22  Hydralisk x4  
  121  13:23  Hydralisk  
  65  13:44  Zergling x8  
  59  13:54  Viper, Lurker Den  
  58  13:57  Hydralisk x3  
  62  14:08  Hydralisk x2  
  66  14:18  Hydralisk x2  
  66  14:19  Hydralisk  
  66  14:22  Zergling x4  
  66  14:23  Zergling x4  
  76  14:27  Zergling x6  
Show
View Real Time Build Order
Export as new Build Order

axu Protoss - Winner!

Build Orders:  

Get SALT Encoding   

  12  0:00  Probe  
  13  0:13  Probe  
  14  0:21  Pylon  
  14  0:25  Probe  
  15  0:39  Probe  
  15  0:40  Gateway  
  16  0:51  Probe  
  16  0:52  Assimilator  
  17  1:06  Probe  
  18  1:34  Cybernetics Core  
  18  1:37  Gateway  
  18  1:45  Zealot  
  20  1:48  Nexus  
  20  1:53  Probe  
  21  2:05  Probe  
  22  2:14  Warp Gate  
  22  2:17  Probe  
  22  2:24  Assimilator  
  22  2:29  Probe  
  23  2:40  Pylon  
  23  2:59  Adept x2 (Chrono Boost), Probe  
  23  3:01  Probe  
  29  3:27  Adept (Chrono Boost)  
  29  3:28  Adept (Chrono Boost)  
  29  3:30  Probe x2  
  35  3:38  Twilight Council  
  35  3:39  Gateway  
  35  3:40  Gateway  
  35  3:42  Probe x2  
  37  3:54  Probe  
  38  4:00  Probe  
  39  4:06  Probe, Pylon  
  40  4:10  Pylon  
  40  4:12  Probe  
  40  4:13  Robotics Facility  
  41  4:18  Probe  
  42  4:41  Probe x2  
  40  4:53  Probe x2  
  42  5:05  Probe x2  
  40  5:10  Assimilator  
  40  5:11  Resonating Glaives (Chrono Boost)  
  40  5:12  Assimilator  
  40  5:17  Probe x2  
  40  5:19  Gateway  
  40  5:20  Gateway  
  42  5:23  Gateway  
  42  5:25  Gateway  
  42  5:29  Probe x2  
  42  5:31  Warp Prism  
  42  5:33  Adept x2  
  42  5:34  Adept  
  52  5:37  Adept  
  52  5:41  Probe x2  
  56  5:44  Pylon  
  56  5:46  Pylon  
  56  5:56  Probe  
  57  5:57  Probe  
  57  6:01  Adept x2  
  57  6:02  Adept  
  64  6:08  Probe  
  64  6:09  Probe  
  66  6:45  Adept  
  66  6:46  Adept x4  
  76  6:47  Adept  
  54  7:17  Adept  
  54  7:18  Adept x5  
  54  7:19  Adept x2  
  68  7:43  Adept x2  
  68  7:44  Adept x3  
  64  7:45  Adept x2  
  64  7:46  Adept  
  68  7:58  Immortal  
  72  8:07  Adept  
  72  8:08  Adept x4  
  72  8:09  Adept  
  72  8:11  Adept x2  
  72  8:21  Nexus  
  62  8:46  Zealot x3  
  62  8:47  Zealot x4  
  62  8:48  Zealot, Immortal (Chrono Boost)  
  74  8:56  Forge  
  74  8:58  Forge  
  74  9:03  Pylon  
  74  9:04  Pylon  
  74  9:06  Pylon  
  74  9:15  Charge (Chrono Boost), Templar Archives  
  68  9:28  Adept  
  68  9:29  Adept x5  
  57  9:54  Immortal (Chrono Boost)  
  57  9:59  Adept x3  
  56  10:00  Adept x4  
  56  10:01  Adept  
  64  10:08  Probe  
  64  10:09  Probe x2  
  65  10:19  Psionic Storm  
  65  10:21  Probe x2  
  67  10:23  Probe  
  68  10:28  High Templar  
  68  10:29  High Templar x3  
  68  10:30  High Templar  
  68  10:33  Probe  
  79  10:36  Protoss Ground Weapons Level 1 (Chrono Boost)  
  79  10:37  Protoss Ground Armor Level 1 (Chrono Boost)  
  79  10:45  Warp Prism  
  79  10:48  Probe  
  82  11:00  Assimilator  
  82  11:04  Assimilator, Pylon  
  82  11:06  Pylon  
  82  11:08  Archon x2  
  82  11:11  High Templar x4  
  84  11:12  High Templar  
  84  11:17  Pylon  
  92  11:21  Pylon  
  92  11:25  Archon x2  
  92  11:34  Observer (Chrono Boost)  
  93  11:40  Probe x3  
  96  11:52  Probe x3  
  99  11:54  High Templar x3  
  99  11:55  High Templar x3  
  99  11:58  Archon x2  
  99  11:59  Archon  
  111  12:03  Zealot  
  111  12:04  Zealot, Probe  
  111  12:07  Immortal  
  120  12:20  Pylon  
  120  12:22  Pylon  
  120  12:24  Shield Battery, Pylon  
  120  12:26  Shield Battery  
  120  12:27  Pylon  
  120  12:29  Shield Battery  
  120  12:30  Pylon  
  120  12:31  Shield Battery  
  120  12:32  Shield Battery  
  120  12:37  High Templar x2  
  122  12:38  High Templar x2  
  122  12:41  Archon  
  122  12:42  Archon  
  122  12:44  Zealot x4  
  132  13:09  Zealot x2  
  132  13:10  Zealot x4  
  141  13:16  Zealot x2  
  102  13:48  High Templar x4  
  102  13:49  High Templar x3  
  102  13:52  Archon x2  
  102  13:53  Archon  
  112  14:25  Stargate  
  112  14:29  Zealot  
  112  14:30  Zealot x4  
  112  14:31  Zealot x3  
  120  14:54  Zealot x2  
  120  14:55  Zealot x3  
  120  14:56  Zealot x3  
Tags
 
Add a new tag
Caveats
  • Supply blocks, unpowered buildings, or Contaminate may cause inaccurate times.
  • Supply counts are checked every 10 seconds.